 Dungeon Crawl Stone Soup version 0.30-b1-2-g02819fbbbe (webtiles) character file.

Game seed: 5347418238182559726

1591 2tc the Spear-Bearer (level 8, -5/46 (56) HPs)
             Began as a Merfolk Gladiator on July 21, 2023.
             Slain by a wight
             ... wielding a +3 long sword of freezing
              (12 damage)
             ... on level 6 of the Dungeon on Aug 16, 2023.
             The game lasted 00:27:11 (5084 turns).

2tc the Spear-Bearer (Merfolk Gladiator)            Turns: 5084, Time: 00:27:12

HP:   -5/46 (56)    AC:  6    Str: 14    XL:     8   Next: 93%
MP:   8/8           EV: 14    Int: 10    God:
Gold: 327           SH:  0    Dex: 15    Spells: 7/7 levels left

rFire   . . .        n - +0 spear
rCold   + . .        (no shield)
rNeg    . . .        b - +0 leather armour
rPois   .            c - +0 helmet
rElec   .            (no cloak)
rCorr   .            l - +0 pair of gloves
SInv    +            j - +0 pair of boots
Will    +....        (no amulet)
Stlth   +            f - ring of willpower
HPRegen 0.27/turn    m - ring of protection from cold
MPRegen 0.11/turn

%: no passive effects
@: heavily drained
A: (nimble swimmer 2), mertail, see invisible
a: no special abilities


You were on level 6 of the Dungeon.
You visited 1 branch of the dungeon, and saw 6 of its levels.

You collected 327 gold pieces.

Inventory:

Hand Weapons
 a - a +0 trident
 g - a +0 dagger of venom
 n - a +0 spear (weapon)
Missiles
 d - 2 throwing nets (quivered)
 e - a javelin
 h - 34 stones
 s - 3 poisoned darts
Armour
 b - a +0 leather armour (worn)
 c - a +0 helmet (worn)
 j - a +0 pair of boots (worn)
 l - a +0 pair of gloves (worn)
Magical Staves
 q - a staff of cold
Jewellery
 f - a ring of willpower (left hand)
 m - a ring of protection from cold (right hand)
 w - a ring of protection from cold
Wands
 v - a wand of flame (12)
Scrolls
 r - a scroll of fog
 t - a scroll of identify
 y - a scroll of magic mapping
Potions
 k - 4 potions of flight
 o - a potion of magic
 p - a potion of brilliance


   Skills:
 - Level 2.1 Fighting
 - Level 12.0 Polearms
 - Level 2.0 Throwing
 - Level 2.0 Armour
 + Level 6.6 Dodging
 - Level 4.0 Evocations


You had 7 spell levels left.
You didn't know any spells.
Your spell library contained the following spells:

 Spells                   Type           Power      Damage    Failure   Level
 Apportation              Tloc           0%         N/A       43%         1
 Necrotise                Necr           0%         1d4       43%         1
 Shock                    Conj/Air       0%         1d3       43%         1
 Summon Small Mammal      Summ           0%         N/A       43%         1
 Portal Projectile        Hex/Tloc       0%         N/A       80%         3
 Swiftness                Air            0%         N/A       80%         3
 Tukima's Dance           Hex            0%         N/A       80%         3
 Airstrike                Air            0%         2d(0-16)  99%         4
 Blade Hands              Tmut           0%         N/A       100%        5


Dungeon Overview and Level Annotations

Branches:
Dungeon (6/15)
 Temple: D:4-7

Altars:
Hepliaklqana
Uskayaw
Xom

Shops:
D:2 [

Annotations:
D:1 exclusion: gnoll
D:4 exclusion: black bear
D:5 exclusion: steam dragon
D:6 exclusion: door


Innate Abilities, Weirdness & Mutations

((You are very nimble when in or above water. (Stealth+, EV+, Speed+++)))
Your lower body shifts to a powerful aquatic tail in water.
You have supernaturally acute eyesight. (SInv)


Message History

You hit the wight.
The wight is lightly damaged.
The wight hits you with a +0 falchion. The wight barely misses you.
The wight misses you. The wight attacks as you move away!
The wight hits you with a +0 falchion. The wight hits you with a +0 falchion.
The wight closely misses you.
You see here an adder corpse.
The wight attacks as you move away! The wight closely misses you.
The wight attacks as you move away! The wight hits you with a +0 falchion.
The wight attacks as you move away! The wight hits you with a +0 falchion.
You feel drained.
You hit the wight.
The wight is heavily damaged.
You hit the wight but do no damage.
The wight is heavily damaged.
The wight hits you with a +0 falchion!
* * * LOW HITPOINT WARNING * * *
You feel drained.
* * * LOW HITPOINT WARNING * * *
The wight barely misses you.
You feel better. The wight closely misses you. The wight barely misses you.
You hit the wight.
The wight is heavily damaged.
You hit the wight but do no damage.
The wight is heavily damaged.
The wight barely misses you.
The wight hits you from afar with a +2 spear!
* * * LOW HITPOINT WARNING * * *
You hit the wight but do no damage.
The wight is heavily damaged.
You feel better. The wight barely misses you.
The wight hits you from afar with a +2 spear.
* * * LOW HITPOINT WARNING * * *
You feel drained.
* * * LOW HITPOINT WARNING * * *
Okay, then.
Okay, then.
The wight attacks as you move away!
The wight hits you with a +3 long sword of freezing!
You die...

h..# #............# #.#
. ...#####
#......†.....# ..
.......# #....†...###.##
# .......#.#
#..............
.......#.#
#........#######
+#######.# ######....#
.##.###..###### ##.#.##
..............####z...##
................@z.....#
.................z.##.##
......................#
..........#.......#####
.##.....#.#########
.###.##.#.# .. #.######
. #)# . #.#


You could see 3 wights.

Vanquished Creatures
  Sigmund (D:2)
  6 yaks (D:5)
  An ogre (D:5)
  A howler monkey (D:6)
  A hound (D:6)
  An orc priest (D:6)
  A jelly (D:5)
  2 sleepcaps (D:5)
  An iguana (D:4)
  Terence (D:2)
  Natasha (D:3)
  An orc wizard (D:4)
  2 gnolls (D:5)
  10 adders
  3 worms
  3 dart slugs
  7 orcs
  9 ball pythons
  4 endoplasms
  4 giant cockroaches
  8 goblins
  4 hobgoblins
  5 jackals (D:2)
  2 quokkas
  9 bats
  3 frilled lizards
  2 kobolds
  7 rats
100 creatures vanquished.

Vanquished Creatures (collateral kills)
  A rat (D:2)
1 creature vanquished.

Vanquished Creatures (others)
  A plant (D:1)
1 creature vanquished.

Grand Total: 102 creatures vanquished

Notes
Turn   | Place    | Note
-------+----------+-------------------------------------------
     0 | D:1      | 2tc the Merfolk Gladiator began the quest for the Orb.
     0 | D:1      | Reached XP level 1. HP: 16/16 MP: 1/1
   289 | D:1      | Reached XP level 2. HP: 22/22 MP: 2/2
   703 | D:1      | Reached skill level 5 in Polearms
  1055 | D:2      | Noticed Terence
  1104 | D:2      | Noticed Sigmund
  1115 | D:2      | Killed Sigmund
  1116 | D:2      | Reached skill level 8 in Polearms
  1116 | D:2      | Reached XP level 3. HP: 26/27 MP: 3/3
  1116 | D:2      | Reached XP level 4. HP: 32/33 MP: 4/4
  1116 | D:2      | Reached XP level 5. HP: 37/38 MP: 5/5
  1122 | D:2      | Found a shimmering altar of Xom.
  1235 | D:2      | Found a faded altar of an unknown god.
  1356 | D:2      | Killed Terence
  1357 | D:2      | Reached XP level 6. HP: 27/44 MP: 6/6
  1452 | D:2      | Found Faluas's Antique Armour Emporium.
  1901 | D:3      | Reached skill level 9 in Polearms
  2080 | D:3      | Noticed Natasha
  2420 | D:3      | Killed Natasha
  3317 | D:4      | Noticed a black bear
  3624 | D:4      | Noticed a +0 short sword
  3625 | D:4      | Noticed a +0 falchion
  3626 | D:4      | Noticed a +0 dagger
  3626 | D:4      | Noticed a +0 short sword
  3626 | D:4      | Noticed a +0 spear
  3627 | D:4      | Noticed a +0 spear
  3627 | D:4      | Noticed a +0 dagger
  3627 | D:4      | Noticed a +0 falchion
  3699 | D:4      | Found a hide-covered altar of Uskayaw.
  3807 | D:5      | Entered Level 5 of the Dungeon
  3836 | D:5      | Reached skill level 10 in Polearms
  3836 | D:5      | Reached XP level 7. HP: 36/50 MP: 7/7
  3987 | D:5      | Noticed a steam dragon
  4022 | D:5      | Noticed a yak
  4022 | D:5      | Noticed a yak
  4022 | D:5      | Noticed a yak
  4023 | D:5      | Noticed a yak
  4192 | D:5      | Killed a yak
  4193 | D:5      | Reached skill level 11 in Polearms
  4193 | D:5      | Killed a yak
  4223 | D:5      | Noticed a yak
  4232 | D:5      | Noticed a yak
  4236 | D:5      | Killed a yak
  4237 | D:5      | Reached skill level 12 in Polearms
  4237 | D:5      | Reached skill level 1 in Evocations
  4237 | D:5      | Reached XP level 8. HP: 56/56 MP: 8/8
  4237 | D:5      | Killed a yak
  4237 | D:5      | Killed a yak
  4239 | D:5      | Killed a yak
  4334 | D:5      | Found a hazy altar of Hepliaklqana.
  4409 | D:5      | Reached skill level 5 in Dodging
  4572 | D:5      | Gained mutation: You have supernaturally acute eyesight.
                  | (SInv) [potion of mutation]
  5084 | D:6      | Slain by a wight

Illustrated notes

Levels and vault maps discovered:
D:1:      amcnicky_arrival_abandoned_market, layout_loops_corners,
          serial_forest, infiniplex_forest_corner_1, infiniplex_forest_zigzag_2,
          infiniplex_forest_fountain, infiniplex_forest_clump_diagonal,
          infiniplex_forest_straight_4, infiniplex_forest_clump_curved,
          infiniplex_forest_clump_tiny, chequers_hall_statues_corner_a,
          minmay_door_square
D:2:      layout_rooms, ebering_ecumenical_altar_mist, basic_altar,
          serial_shops, shop, uniq_sigmund, uniq_terence
D:3:      layout_loops_cross, kennysheep_generic_room_9, uniq_natasha
D:4:      layout_rooms, nicolae_uskayaw_en_pointe,
          nicolae_concentric_dashed_squares_wild
D:5:      nicolae_cairo_tiling_large_dashed, layout_loops_ring,
          pf_just_have_faith, mainiacjoe_overflow_big_doors,
          minmay_a_box_with_orc_wizards_in_it
D:6:      layout_basic, grunt_temple_overflow_open, uniq_crazy_yiuf_cottage

Skill      XL: |  1  2  3  4  5  6  7  8 |
---------------+-------------------------+-----
Polearms       | 8 10 12 | 12.0
Evocations     | 1 4 |  4.0
Armour         | 2 |  2.0
Dodging        | 6 |  6.6
Fighting       | |  2.1
Throwing       | |  2.0

Action                     |  1- 3 |  4- 6 |  7- 9 || total
---------------------------+-------+-------+-------++-------
  Melee: Trident           |    61 |    87 |       ||   148
         Punch             |       |     5 |     1 ||     6
         Spear             |       |   208 |   165 ||   373
  Throw: Dart              |       |       |     7 ||     7
         Throwing net      |       |       |     2 ||     2
  Evoke: Wand              |       |       |    11 ||    11
    Use: Scroll            |     2 |    12 |     2 ||    16
         Potion            |       |     2 |     7 ||     9
   Stab: Sleeping          |     1 |     2 |       ||     3
 Armour: Leather armour    |    13 |    50 |    19 ||    82
  Dodge: Dodged            |    45 |   127 |    76 ||   248
